Unix NetHack Version 5.0.0-0 post-release - last build May 23 2026 06:08:33 (1c0ff79ee797540d5714e4e18072db0edd9e58ae,branch:main).

Game began 2026-05-23 00:12:27, ended 2026-05-26 02:39:29.

Dzdz, neutral female human Monk

                                                        --------------
                                                        |............|
                                                        |.............#
                                                        |............|#
                                                        |............|@
                                                        --|-----------#
                                                          #           #
                                                          #           #
                                                          ##          #
                                                           #          # ------
                                                           ##         # |....|
                                                            #         ##|...(|
                                                       -----.----      #|.%.\|
                                                       .......).|      #|%)..|
                                                       |.....o..|      #).%..|
                                                       |.......<|       ------
                                                       ----------

Dzdz the Novice                 St:18 Dx:14 Co:12 In:9 Wi:14 Ch:11  Neutral
Dlvl:6  $:101 HP:0(44) Pw:22(22) AC:6  Xp:5/306 T:5198 

Latest messages:
 It misses Grizz.
 The gnome throws a dagger!
 The dagger misses the bugbear.
 The dagger misses Grizz.
 A dagger misses you.
 Grizz bites the hobgoblin.
 The hobgoblin is killed!
 Grizz eats a hobgoblin corpse.
 Z - a dagger.
 The bugbear hits!
 Are you waiting to get hit?  Use 'm' prefix to force a no-op (to rest).
 You hit the bugbear!
 You kill the bugbear!
 You feel weak!
 You haven't been exercising properly.
 You feel wise!
 You must have been very observant.
 You kill the bugbear!
 You hit the hobgoblin!
 You kill the hobgoblin!
 You kill the bugbear!
 You hear some noises.
 Are you waiting to get hit?  Use 'm' prefix to force a no-op (to rest).
 You miss the bugbear.
 The bugbear hits!
 You hit the bugbear.
 The bugbear hits!
 You hit the bugbear!
 The bugbear just misses!
 You hit the bugbear!
 You kill the bugbear!
 You hit the gnome!
 You kill the gnome!
 Grizz bites it.
 There is an open door here.
 There are several objects here.
 Grizz bites the gnome king.
 The gnome picks up a curved sword.
 The gnome king swings his mace.
 The gnome king hits!
 Grizz bites it.
 The giant ant bites!
 The giant ant bites!
 You kill the gas spore!
 Boom!
 You are caught in the gas spore's explosion!
 It is fatal.
 Do you want your possessions identified? [ynq] (y)
 Do you want to see your attributes? [ynq] (y)
 Do you want an account of creatures vanquished? [ynaq] (y)

Inventory:
 Coins    ('$')
  $ - 101 gold pieces
 Weapons  (')')
  b - 15 +0 darts (at the ready)
  Z - a +0 dagger
  T - a +0 elven dagger
  R - 2 +0 orcish daggers
 Armor    ('[')
  a - an uncursed +1 orcish helm (being worn)
  v - an uncursed +0 pair of elven boots (being worn)
  E - an uncursed +2 pair of high boots
  e - an uncursed fireproof +0 leather cloak (being worn)
 Comestibles  ('%')
  X - an uncursed pancake
  V - an uncursed egg
 Scrolls  ('?')
  P - an uncursed scroll of blank paper
  Q - a cursed scroll of blank paper
 Rings    ('=')
  x - an uncursed ring of stealth
  U - an uncursed ring of stealth
  W - an uncursed ring of sustain ability
 Wands    ('/')
  u - a blessed wand of fire (0:4)
  s - a wand of light (0:10)
  D - a wand of slow monster (0:3)
  L - a wand of teleportation (0:2)
 Tools    ('(')
  h - an uncursed sack containing 10 items
  Y - an uncursed tin whistle

Contents of the sack:
  an uncursed pomegranate
  2 cursed candy bars labeled "Apollo"
  an uncursed food ration
  an uncursed scroll of scare monster
  an uncursed potion of confusion
  an uncursed potion of fruit juice
  an uncursed potion of healing
  a cursed potion of healing
  an uncursed potion of monster detection
  a blessed figurine of a barrow wight

Dzdz the Monk's attributes:

Background:
 You were a Novice, a level 5 female human Monk.
 You were neutral, on a mission for Chih Sung-tzu
 who was opposed by Shan Lai Ching (lawful) and Huan Ti (chaotic).
 You were right-handed.
 You were in the Dungeons of Doom, on level 6.
 You entered the dungeon 5198 turns ago.
 It was nighttime.
 You had 306 experience points, 14 more were needed to attain level 6.

Basics:
 You had 0 out of 44 hit points.
 You had all 22 energy points (spell power).
 Your armor class was 6.
 Your wallet contained 101 zorkmids.
 Autopickup was on for '$"+!=/_' plus thrown.

Final Characteristics:
 Your strength was 18 (peak:18/01, limit:18/100).
 Your dexterity was 14 (limit:18).
 Your constitution was 12 (limit:18).
 Your intelligence was 9 (limit:18).
 Your wisdom was 14 (limit:18).
 Your charisma was 11 (limit:18).

Final Status:
 You weren't hungry.
 You were unencumbered.
 You were bare handed.
 You were unskilled in martial arts and could have enhanced that.

Final Attributes:
 You were piously aligned.
 You were sleep resistant.
 You were poison resistant.
 You saw invisible.
 You were stealthy.
 You were warded.
 You were fast.
 You are dead.

Miscellaneous:
 You didn't encounter any bones levels.
 Total elapsed playing time was 54 minutes and 13 seconds.

Major events:
 Turn
    1: Dzdz the neutral female human Monk entered the dungeon
 2449: attained the rank of Novice (level 3)
 2651: entered the Gnomish Mines
 5198: killed by a gas spore's explosion

You didn't know any spells.

Skills:
 Fighting Skills
   martial arts       [Unskilled]
 Weapon Skills
   quarterstaff       [Unskilled]
   spear              [Unskilled]
   crossbow           [Unskilled]
   shuriken           [Unskilled]
 Spellcasting Skills
   attack spells      [Unskilled]
   healing spells     [Unskilled]
   divination spells  [Unskilled]
   enchantment spells [Unskilled]
   clerical spells    [Unskilled]
   escape spells      [Unskilled]
   matter spells      [Unskilled]

Voluntary challenges:
 Character rerolling was not enabled.
 You started out without possessions.
 You followed a strict vegan diet.
 You never hit with a wielded weapon.
 You never genocided any monsters.
 You never polymorphed an object.
 You never changed form.
 You used no wishes.
Achievements:
 You attained the rank of Novice.
 You entered the Gnomish Mines.

 The Dungeons of Doom: levels 1 to 6
    Level 1: "vault"
       An altar to Chih Sung-tzu.
    Level 2:
       A fountain.
       Stairs down to The Gnomish Mines.
    Level 3:
       A fountain.
    Level 4: "vault/stash/altar"
       An altar to Chih Sung-tzu.
    Level 5:
       Many fountains.
       Oracle of Delphi.
    Level 6: <- You were here.
       A throne.
       Final resting place for
          you, killed by a gas spore's explosion.
 The Gnomish Mines:
    Level 3:


Vanquished creatures:
  6 bugbears
  a rock piercer
  a shrieker
  a gnome leader
  a kobold mummy
  a paper golem
  a giant ant
  2 floating eyes
  a kitten
  a kobold leader
  2 hill orcs
  a giant bat
  a monkey
  2 acid blobs
  2 gas spores
  2 hobbits
  4 manes
  a large kobold
  5 hobgoblins
  2 giant rats
  a cave spider
  a brown mold
  a red mold
  3 gnomes
  2 geckos
 10 jackals
  2 foxes
  5 kobolds
  4 goblins
  6 sewer rats
  8 grid bugs
 14 lichens
  2 kobold zombies
 12 newts
109 creatures vanquished.

No species were genocided or became extinct.

Game over:
                       ----------
                      /          \
                     /    REST    \
                    /      IN      \
                   /     PEACE      \
                  /                  \
                  |       Dzdz       |
                  |      101 Au      |
                  | killed by a gas  |
                  |     spore's      |
                  |    explosion     |
                  |                  |
                  |       2026       |
                 *|     *  *  *      | *
        _________)/\\_//(\/(/\)/\//\/|_)_______

Goodbye Dzdz the Monk...

You died in The Dungeons of Doom on dungeon level 6 with 1585 points,
and 101 pieces of gold, after 5198 moves.
You were level 5 with a maximum of 44 hit points when you died.

